 Dungeon Crawl Stone Soup version 0.20.1-1-g8b1a95d (webtiles) character file.

228 Minstaer the Chiller (level 6, 0/41 HPs)
             Began as a Merfolk Ice Elementalist on Nov 6, 2017.
             Was a Follower of Cheibriados.
             Slain by a worm (9 damage)
             ... on level 4 of the Dungeon.
             The game lasted 00:24:30 (3020 turns).

Minstaer the Chiller (Merfolk Ice Elementalist)     Turns: 3020, Time: 00:24:31

Health: 0/41       AC:  2    Str: 14    XL:     6   Next: 2%
Magic:  11/12      EV: 13    Int: 17    God:    Cheibriados [*.....]
Gold:   225        SH:  0    Dex: 17    Spells: 9/13 levels left

rFire    . . .     SeeInvis .   p - +4 spear (venom)
rCold    + . .     Gourm    .   (no shield)
rNeg     . . .     Faith    .   A - +0 robe {rC+}
rPois    .         Spirit   .   (no helmet)
rElec    .         Reflect  .   (no cloak)
rCorr    .         Harm     .   (no gloves)
MR       .....                  (no boots)
Stlth    ++........             (no amulet)
Regen    0.2/turn               (no ring)
MPRegen  0.2/turn               (no ring)

@: lethally poisoned (0 -> -1), very slow
A: change form in water, swift swim, stealthy swim
a: Bend Time, Renounce Religion


You were on level 4 of the Dungeon.
You worshipped Cheibriados.
Cheibriados was aware of your devotion.
You were not hungry.

You visited 1 branch of the dungeon, and saw 4 of its levels.

You collected 225 gold pieces.

Inventory:

Hand Weapons
 b - a +0 hunting sling
 p - a +4 spear of venom (weapon)
 y - a +0 blowgun
 z - a +0 halberd
Missiles
 d - 175 stones (quivered)
 f - 27 sling bullets
 g - 42 arrows
 m - 6 tomahawks
 s - 52 poisoned needles
 u - 58 bolts
 x - a throwing net
 D - 7 needles of sleeping
Armour
 n - a +0 robe
 A - a +0 robe of cold resistance (worn)
 B - a +0 leather armour
Scrolls
 e - 3 scrolls of recharging {unknown}
 i - 4 scrolls of identify {unknown}
 l - 2 scrolls of magic mapping {unknown}
 C - a scroll of enchant armour {unknown}
 E - a scroll of teleportation {unknown}
 G - a scroll of remove curse {unknown}
Potions
 a - 5 potions of curing {unknown}
 j - a potion of berserk rage {unknown}
 k - a potion of might {unknown}
 o - a potion of invisibility {unknown}
 r - a potion of flight {unknown}
 t - a potion of agility {unknown}
 w - a potion of heal wounds {unknown}
Books
 h - a book of Frost

   Spells                             Type                      Level
   a - Freeze                         Ice                          1
   b - Throw Frost                    Conjuration/Ice              2
   c - Ozocubu's Armour               Charms/Ice                   3
   d - Throw Icicle                   Conjuration/Ice              4
   e - Summon Ice Beast               Ice/Summoning                4
Comestibles
 c - 5 bread rations
 q - 3 royal jellies
 v - a chunk of flesh
 F - a meat ration


   Skills:
 - Level 2.6 Dodging
 - Level 2.1 Stealth
 + Level 4.2 Spellcasting
   Level 0.7 Conjurations
 + Level 5.4 Ice Magic


You had 9 spell levels left.
You knew the following spells:

 Your Spells              Type           Power        Failure   Level  Hunger
a - Freeze                Ice            ###.         1%          1    None
b - Ozocubu's Armour      Chrm/Ice       ##......     16%         3    ###....


Dungeon Overview and Level Annotations

Branches:
Dungeon (4/15)
 Temple: D:4-7

Altars:
Cheibriados
Gozag


Message History

You kill the adder!
Cheibriados appreciates the change of pace.
You have reached level 6!
Your experience leads to an increase in your attributes!
Your base attributes are Str 10, Int 14, Dex 14.
Increase (S)trength, (I)ntelligence, or (D)exterity?
You feel stronger.
You hit the worm.
The worm looks as sick as possible!
The worm is moderately wounded.
You feel sick. The worm bites you!
* * * LOW HITPOINT WARNING * * *
Casting: Freeze
Confirm with . or Enter, or press ? or * to list all spells.
Aiming: Freeze
Press: ? - help, Shift-Dir - straight line, f - worm
Aim: a worm (heavily wounded, poisoned)
You freeze the worm.
The worm is severely wounded.
The worm bites you!
You die...

###########
#..>.......
#.#<..!$..#
#.<.#####.#
#.@## #†w#
#..# #...
#... #....
.....
.#....


You could see a worm.

Vanquished Creatures
  An orc wizard (D:3)
  5 adders
  7 gnolls
  An ooze (D:3)
  3 worms
  4 dart slugs
  6 orcs
  3 bats
  2 giant cockroaches (D:2)
  6 goblins
  6 hobgoblins
  7 jackals (D:3)
  7 kobolds
  A ball python (D:1)
  8 frilled lizards
  7 rats
74 creatures vanquished.

Vanquished Creatures (others)
  A leopard gecko (D:3)
1 creature vanquished.

Grand Total: 75 creatures vanquished

Notes
Turn   | Place    | Note
-------+----------+-------------------------------------------
     0 | D:1      | Minstaer the Merfolk Ice Elementalist began the quest for the Orb.
     0 | D:1      | Reached XP level 1. HP: 13/13 MP: 3/3
   252 | D:1      | Reached XP level 2. HP: 19/19 MP: 5/5
  1101 | D:2      | Reached skill level 4 in Ice Magic
  1101 | D:2      | Reached XP level 3. HP: 24/24 MP: 4/7
  1338 | D:2      | Found a snail-covered altar of Cheibriados.
  1343 | D:2      | Became a worshipper of Cheibriados the Contemplative
  1371 | D:2      | Learned a level 3 spell: Ozocubu's Armour
  1472 | D:2      | Found an opulent altar of Gozag.
  1502 | D:2      | Reached XP level 4. HP: 30/30 MP: 8/8
  1944 | D:3      | Reached * piety under Cheibriados
  2138 | D:3      | Reached XP level 5. HP: 24/35 MP: 10/10
  2221 | D:3      | Reached skill level 5 in Ice Magic
  3018 | D:4      | Reached XP level 6. HP: 20/41 MP: 12/12
  3020 | D:4      | Slain by a worm

Skill      XL: |  1  2  3  4  5 |
---------------+----------------+-----
Ice Magic      | 4 5 |  5.4
Spellcasting   | 3 4 |  4.2
Dodging        | |  2.6
Stealth        | |  2.1
Conjurations   | |  0.7

Action                   |  1- 3 |  4- 6 || total
-------------------------+-------+-------++-------
Melee: Unarmed           |     7 |       ||     7
       Spear             |    61 |   102 ||   163
 Fire: Hunting sling     |    15 |       ||    15
 Cast: Freeze            |     4 |     3 ||     7
       Ozocubu's Armour  |       |     2 ||     2
 Stab: Sleeping          |     5 |     2 ||     7
  Eat: Chunk             |     2 |     3 ||     5
Armor: Robe              |    10 |    16 ||    26
Dodge: Dodged            |    21 |    52 ||    73
